 Dungeon Crawl Stone Soup version 0.29-a0-821-g66395355a5 (webtiles) character file.

Game seed: 3746471392536988525

375 blackman the Ruffian (level 6, -9/59 HPs)
             Began as a Troll Chaos Knight on July 7, 2022.
             Was a Plaything of Xom.
             Killed from afar by an electric eel (12 damage)
             ... with a bolt of electricity
             ... on level 4 of the Dungeon.
             The game lasted 00:15:09 (2725 turns).

blackman the Ruffian (Troll Chaos Knight)           Turns: 2725, Time: 00:15:10

Health: -9/59      AC:  5    Str: 22 (23) XL:     6   Next: 44%
Magic:  5/5        EV:  9    Int:  8      God:    Xom [..*...]
Gold:   251        SH:  0    Dex:  9      Spells: 5/5 levels left

rFire   . . .      SeeInvis .     - Unarmed
rCold   + . .      Faith    .   (no shield)
rNeg    . . .      Spirit   .   p - +1 robe {rC+}
rPois   .          Reflect  .   (helmet restricted)
rElec   .          Harm     .   (no cloak)
rCorr   .          Rampage  .   (gloves unavailable)
Will    .....                   (boots unavailable)
Stlth   +.........              (no amulet)
HPRegen 0.99/turn               (no ring)
MPRegen 0.09/turn               (no ring)

@: no status effects
A: large, unfitting armour, claws 3, regeneration 1, shaggy fur 1, tough skin 1,
deterioration 1
a: Renounce Religion


You were on level 4 of the Dungeon.
You worshipped Xom.
You were a toy of Xom.
You visited 1 branch of the dungeon, and saw 4 of its levels.

You collected 251 gold pieces.

Inventory:

Missiles
 n - 4 silver boomerangs
Armour
 a - a +2 robe
 h - a +0 chain mail
 p - a +1 robe of cold resistance (worn)
Jewellery
 d - a ring of willpower
 j - a ring of willpower
 l - a ring of magical power
Wands
 r - a wand of flame (9)
Scrolls
 e - a scroll of immolation
 f - 2 scrolls of identify {unknown}
 g - a scroll of blinking
 i - a scroll of enchant weapon {unknown}
 o - a scroll of amnesia {unknown}
 q - a scroll of enchant armour {unknown}
Potions
 c - 4 potions of curing {unknown}
 k - 2 potions of magic
 m - a potion of lignification {unknown}
Miscellaneous
 b - a piece from Xom's chessboard (15/15) (quivered)


   Skills:
 - Level 2.4 Fighting
 - Level 1.9 Dodging
 + Level 7.3 Unarmed Combat


You had 5 spell levels left.
You didn't know any spells.
Your spell library contained the following spells:

 Spells                   Type           Power      Damage    Failure   Level
 Ozocubu's Armour         Ice            0%         N/A       78%         3
 Summon Forest            Summ/Tloc      0%         N/A       100%        5
 Eringya's Noxious Bog    Tmut/Pois      0%         N/A       100%        6
 Ozocubu's Refrigeration  Ice            0%         4d5       100%        7
 Summon Hydra             Summ           0%         N/A       100%        7


Dungeon Overview and Level Annotations

Branches:
Dungeon (4/15)
 Temple: D:4-7

Altars:
Okawaru
Ru

Shops:
D:2 [   D:3 ?   D:4 :

Annotations:
D:4 1 transporter


Innate Abilities, Weirdness & Mutations

You are too large for most types of armour.
You have claws for hands.
Your natural rate of healing is unusually fast.
You are covered in fur. (AC +1)
You have tough skin. (AC +1)
Your body sometimes deteriorates upon taking damage.


Message History

There is a transporter here.
There is a transporter here.
You enter the transporter and appear at another place.
r - a wand of flame (11)
There are no items here.
You open the door.
Aiming: Throw Flame
Press: ? - help, Shift-Dir - straight line
Okay, then.
Unknown command.
There is an open door here.
Aiming: Throw Flame
Press: ? - help, Shift-Dir - straight line, f - electric eel
Aim: an electric eel (48% to hit)
The puff of flame misses the electric eel.
The electric eel is engulfed in a cloud of scalding steam.
The electric eel shoots out a bolt of lightning at you!
The bolt of electricity hits you! x2; The bolt of electricity hits the plant!
The plant begins to die.
The electric eel shoots out a bolt of lightning at you!
The bolt of electricity misses you. The bolt of electricity hits you!
The bolt of electricity hits the plant!
The plant begins to die.
Aiming: Throw Flame
Press: ? - help, Shift-Dir - straight line, f - electric eel, p - electric eel
Aim: an electric eel (48% to hit)
The puff of flame hits the electric eel.
The electric eel is moderately wounded.
The electric eel is engulfed in a cloud of scalding steam.
The electric eel shoots out a bolt of lightning at you!
The bolt of electricity hits you!
* * * LOW HITPOINT WARNING * * *
Your body deteriorates!
You feel weakened. The bolt of electricity hits you!
* * * LOW HITPOINT WARNING * * *
The bolt of electricity hits the plant!
The electric eel is engulfed in a cloud of scalding steam.
The electric eel shoots out a bolt of lightning at you!
The bolt of electricity hits you!
You die...
Xom snickers!

### +.####################
#.....................
#.....................
#.###############....
######.#8P#S≈≈≈≈≈≈#P8#...#
.#...#..#..#.§.....#..#...#
>......©#©.@...♣...+[©#©..#
.#......#..#.......#..#...##
#......#8P#S≈≈≈≈≈≈#P8#.#...
+...#..###############.##.#
#...#..................##.#
#.. #.....................#
#.+#.........##############
........####.# .. #.#.#.#..
..# ..


You could see 2 electric eels.

Vanquished Creatures
  A scorpion (D:4)
  5 orc wizards
  4 adders
  3 dart slugs
  10 orcs
  8 bats
  6 endoplasms
  5 giant cockroaches
  3 hobgoblins
  3 jackals (D:1)
  6 quokkas
  6 ball pythons
  4 frilled lizards
  4 goblins
  4 kobolds
  10 rats
82 creatures vanquished.

Vanquished Creatures (collateral kills)
  A necrophage (D:4)
  An orc (D:4)
2 creatures vanquished.

Grand Total: 84 creatures vanquished

Notes
Turn   | Place    | Note
-------+----------+-------------------------------------------
     0 | D:1      | blackman the Troll Chaos Knight began the quest for the
                  | Orb.
     0 | D:1      | Reached XP level 1. HP: 22/22 MP: 0/0
   114 | D:1      | Reached XP level 2. HP: 29/29 MP: 1/1
   171 | D:2      | Found a faded altar of an unknown god.
   193 | D:2      | Reached skill level 4 in Unarmed Combat
   194 | D:2      | Reached XP level 3. HP: 33/36 MP: 2/2
   213 | D:2      | XOM: divination: detect items
   820 | D:2      | XOM: 4-stop teleportation journey
   848 | D:2      | Reached XP level 4. HP: 44/44 MP: 3/3
   865 | D:2      | Found Gaonet's Armour Emporium.
   974 | D:2      | Reached skill level 5 in Unarmed Combat
  1056 | D:2      | You fall into a shaft and drop 2 floors!
  1064 | D:4      | Noticed a necrophage
  1068 | D:4      | XOM: enchant monster (bad)
  1072 | D:4      | Found Higeaxt's Tremendous Tomes.
  1072 | D:4      | XOM: potion effect (brilliance)
  1074 | D:4      | XOM: cast spell 'Summon Hydra'
  1079 | D:4      | Killed a necrophage
  1089 | D:4      | XOM: silly message
  1102 | D:4      | Found a sacrificial altar of Ru.
  1304 | D:2      | XOM: cloud trail
  1356 | D:2      | Reached XP level 5. HP: 49/50 MP: 4/4
  1456 | D:2      | XOM: cloud trail
  1458 | D:2      | XOM: god gift: staff of air
  1480 | D:2      | Gained mutation: Your body sometimes deteriorates upon
                  | taking damage. [mutagenic glow]
  1542 | D:3      | Reached skill level 6 in Unarmed Combat
  1815 | D:3      | Found Siejul's Magic Scroll Shoppe.
  1999 | D:3      | XOM: silly message
  2336 | D:3      | Reached XP level 6. HP: 55/59 MP: 5/5
  2556 | D:4      | Reached skill level 7 in Unarmed Combat
  2648 | D:4      | Found an iron altar of Okawaru.
  2691 | D:4      | Found a transporter.
  2706 | D:4      | Found a transporter.
  2725 | D:4      | Killed from afar by an electric eel

Illustrated notes

Levels and vault maps discovered:
D:1:      amcnicky_arrival_choice, layout_rooms, kennysheep_small_spiral,
          dk_noncrumbling_2
D:2:      mumra_celtic_spiral_tile, layout_loops_ring, serial_shops, shop,
          hellmonk_ecumenical_altar_blasted
D:3:      layout_basic, serial_shops, shop_coins
D:4:      gammafunk_steamed_eel, layout_basic, marbit_many_paths,
          mainiacjoe_overflow_brackets, serial_glass, glass_columns_b,
          glass_columns_b, glass_columns_a, glass_columns_c, glass_columns_c,
          glass_columns_a, glass_columns_b, glass_columns_a,
          nicolae_shop_i_like_big_books, grunt_ministairs_9

Skill      XL: |  1  2  3  4  5  6 |
---------------+-------------------+-----
Unarmed Combat | 4 5 6 7 |  7.3
Fighting       | |  2.4
Dodging        | |  1.9

Action                   |  1- 3 |  4- 6 || total
-------------------------+-------+-------++-------
Melee: Unarmed           |   107 |    84 ||   191
       Punch             |     1 |       ||     1
Evoke: Wand              |       |     2 ||     2
  Use: Scroll            |       |     1 ||     1
       Potion            |       |     1 ||     1
 Stab: Sleeping          |     2 |     1 ||     3
Armor: Robe              |    57 |    40 ||    97
Dodge: Dodged            |    60 |    39 ||    99

Table legend: (Time is in decaauts)
 A = Elapsed time spent in this place.
 B = Non-inter-level travel time spent in this place.
 C = Inter-level travel time spent in this place.
 D = Time resting spent in this place.
 E = Time spent auto-exploring this place.
 F = Levels seen in this place.
 G = Mean time per level.
                   A        B        C        D        E       F      G
               +--------+--------+--------+--------+--------+-----+--------+
         Total |   2708 |   2453 |    255 |    100 |   1828 |   4 |  677.0 |
       Dungeon |   2708 |   2453 |    255 |    100 |   1828 |   4 |  677.0 |
               +--------+--------+--------+--------+--------+-----+--------+

Top non-repeatable levels by time:
     D:3: 1122 daAuts
     D:1: 704 daAuts
     D:2: 612 daAuts
     D:4: 269 daAuts
